 Dungeon Crawl Stone Soup version 0.14-a0-30-gf0b6e91 (webtiles) character file.

147 Malachi the Magician (level 4, -1/30 HPs)
             Began as a Ghoul Wizard on Sept 27, 2013.
             Slain by a worker ant (4 damage)
             ... on Level 3 of the Dungeon.
             The game lasted 00:04:29 (1840 turns).

Malachi the Magician (Ghoul Wizard)                 Turns: 1840, Time: 00:04:29

HP  -1/30        AC  2     Str 10      XL: 4   Next: 12%
MP   5/10        EV 11     Int 14      God:
Gold 83          SH  0     Dex  7      Spells:  3 memorised,  5 levels left

Res.Fire  : + . .   See Invis. : .   (no weapon)
Res.Cold  : + . .   Warding    : .   a - +0 robe
Life Prot.: + + +   Conserve   : .   (no shield)
Res.Poison: +       Res.Corr.  : .   b - +0 wizard hat
Res.Elec. : .       Clarity    : .   (no cloak)
Sust.Abil.: . .     Spirit.Shd : .   (no gloves)
Res.Mut.  : .       Stasis     : .   (no boots)
Res.Rott. : +       Flight     : .   (no amulet)
Saprovore : + + +                    (no ring)
                                     n - ring of protection from fire

@: rotting, slightly resistant to hostile enchantments, unstealthy
A: rotting body, claws 1, carnivore 3, cold resistance 1, life protection 3,
poison resistance, saprovore 3, slow healing 1, torment resistance, unbreathing
a: no special abilities


You were on level 3 of the Dungeon.
You were not hungry.

You visited 1 branch of the dungeon, and saw 3 of its levels.

You collected 63 gold pieces.

Inventory:

Missiles
 p - 19 poisoned needles
Armour
 a - a +0 robe (worn)
 b - a +0 wizard hat (worn)
Comestibles
 d - a rotting chunk of bat flesh
 g - 2 chunks of goblin flesh
 s - a meat ration
Scrolls
 f - a scroll of amnesia {unknown}
 h - 2 scrolls of identify
 i - 2 scrolls of fog
 j - 3 scrolls of remove curse {unknown}
Jewellery
 n - a ring of protection from fire (left claw)
Potions
 e - a potion of curing {unknown}
 k - a potion of brilliance {unknown}
 l - a potion of mutation {unknown}
 r - a potion of degeneration {unknown}
 w - a potion of poison {unknown}
Books
 c - a book of Minor Magic

   Spells                             Type                      Level
   *Magic Dart                        Conjuration                  1
   *Blink                             Translocation                2
   *Call Imp                          Summoning                    2
   Repel Missiles                     Charms/Air                   2
   Slow                               Hexes                        2
   Conjure Flame                      Conjuration/Fire             3
   Mephitic Cloud                     Conjuration/Poison/Air       3


   Skills:
 - Level 1.8 Dodging
 - Level 2.1 Stealth
 + Level 3.5 Spellcasting
 * Level 2.1 Conjurations
 + Level 0.8 Summonings
 + Level 0.8 Translocations


You had 5 spell levels left.
You knew the following spells:

 Your Spells              Type           Power        Failure   Level  Hunger
a - Magic Dart            Conj           #...         10%         1    #......
b - Blink                 Tloc           N/A          24%         2    ##.....
c - Call Imp              Summ           #.........   24%         2    ##.....


Dungeon Overview and Level Annotations

Branches:
Dungeon (3/27)

Altars:


Innate Abilities, Weirdness & Mutations

Your body is rotting away.
You have sharp fingernails.
You are carnivorous and can eat meat at any time.
Your flesh is cold resistant.
You are immune to negative energy.
Your system is resistant to poisons.
You thrive on rotten meat.
You heal slowly.
You are immune to unholy pain and torment.
You can survive without breathing.


Message History

The worker ant barely misses you.
Casting: Magic Dart
Confirm with . or Enter, or press ? or * to list all spells.
Aiming: Magic Dart
Press: ? - help, Shift-Dir - straight line, f/p - worker ant
Aim: a worker ant (moderately wounded)
The magic dart hits the worker ant.
The worker ant is heavily wounded.
The worker ant bites you.
You barely miss the worker ant.
The worker ant is heavily wounded.
The worker ant bites you.
You hit the worker ant.
The worker ant is almost dead.
The worker ant bites you!
* * * LOW HITPOINT WARNING * * *
The worker ant bites you.
* * * LOW HITPOINT WARNING * * *
The worker ant bites you.
You die...

#.......##. #...
#.# #.#
#######.##.###..#
#.# #.#
#####.#.......## .
#.#
#.....##.......#
#.#
#.####.......######
#.# #.#
#....<#.#....<# #.#
# #.# #####.......#
#.#
+.#.###......a....#
##.####
#.........#..@...(#
#......
#.................#
####......
#..[......#.......#
#.........
#.#####.###.......#
#.........
#.#####.# #..#.####
#.........
#.......# ##.#.#
#.........
######### #.##.#
#......... #....#
#.........
#########.#####
#....##.##


You could see a worker ant.

Vanquished Creatures
  2 adders (D:2)
  2 worms (D:2)
  2 giant geckos (D:2)
  6 goblins
  2 hobgoblins (D:2)
  2 ball pythons
  6 bats
  A giant newt (D:1)
  4 kobolds
  2 quokkas (D:2)
  6 rats
35 creatures vanquished.

Notes
Turn   | Place    | Note
--------------------------------------------------------------
     0 | D:1      | Malachi, the Ghoul Wizard, began the quest for the Orb.
     0 | D:1      | Reached XP level 1. HP: 12/12 MP: 5/5
   127 | D:1      | Reached skill level 3 in Spellcasting
   333 | D:1      | Reached XP level 2. HP: 18/18 MP: 5/7
   434 | D:1      | Reached skill level 1 in Conjurations
   888 | D:2      | Reached XP level 3. HP: 24/24 MP: 7/9
  1196 | D:2      | Learned a level 2 spell: Blink
  1199 | D:2      | Learned a level 2 spell: Call Imp
  1503 | D:2      | Reached XP level 4. HP: 21/30 MP: 1/10
  1840 | D:3      | Slain by a worker ant

Action                   |  1- 3 |  4- 6 || total
-------------------------+-------+-------++-------
Melee: Unarmed           |    43 |    19 ||    62
 Cast: Magic Dart        |    79 |     8 ||    87
  Use: Scroll            |       |     5 ||     5
